 Dungeon Sprint DCSS version 0.24-a0-439-g6dd8730de2 (webtiles) character file.

Game seed: 18266385779505008365

1623 mahrnol the Basher (level 8, 0/78 HPs)
             Began as a Minotaur Fighter on June 17, 2019.
             Was a Priest of Makhleb.
             Succumbed to a water moccasin's poison
             ... in the Dungeon (Sprint IX: "|||||||||||||||||||||||||||||").
             The game lasted 00:09:05 (736 turns).

mahrnol the Basher (Minotaur Fighter)                Turns: 736, Time: 00:09:05

Health: 0/78       AC: 14    Str: 24    XL:     8   Next: 65%
Magic:  12/12      EV: 10    Int:  5    God:    Makhleb [***...]
Gold:   9          SH:  0    Dex: 12    Spells: 7/7 levels left

rFire    . . .     SeeInvis .   x - +2 morningstar (freeze)
rCold    . . .     Gourm    .   (no shield)
rNeg     . . .     Faith    .   s - +2 ring mail
rPois    .         Spirit   .   (helmet restricted)
rElec    .         Reflect  .   q - +0 cloak
rCorr    .         Harm     .   (no gloves)
MR       .....     NoTele   +   r - +0 pair of boots
Stlth    +.........             (no amulet)
HPRegen  0.23/turn              t - +2 ring of protection
MPRegen  0.13/turn              u - +3 ring of dexterity

@: lethally poisoned (0 -> -10)
A: retaliatory headbutt, horns 2
a: Minor Destruction, Lesser Servant of Makhleb, Renounce Religion


You were in the Dungeon.
You worshipped Makhleb.
Makhleb was most pleased with you.
You were not hungry.

You visited 1 branch You collected 9 gold pieces.

Inventory:

Hand Weapons
 a - a +0 flail
 b - a +1 broad axe of chopping
 v - a +2 halberd of venom
 w - a +0 lajatang
 x - a +2 morningstar of freezing (weapon)
 y - a +2 rapier of distortion
 z - a +2 scimitar of holy wrath
Armour
 c - a +0 shield
 q - a +0 cloak (worn)
 r - a +0 pair of boots (worn)
 s - a +2 ring mail (worn)
 A - a +0 troll leather armour
Jewellery
 t - a +2 ring of protection (left hand)
 u - a +3 ring of dexterity (right hand)
Wands
 p - a wand of iceblast (10)
Scrolls
 k - 3 scrolls of blinking
 n - 6 scrolls of remove curse
 o - 2 scrolls of amnesia
 B - 2 scrolls of enchant armour
Potions
 d - 2 potions of might
 e - 6 potions of curing
 g - 4 potions of heal wounds
 h - 2 potions of haste
 i - 4 potions of magic
 j - a potion of berserk rage
 l - 2 potions of agility
 m - a potion of invisibility
Comestibles
 f - 2 rations


   Skills:
 + Level 9.6 Fighting
 + Level 12.3 Maces & Flails
 + Level 10.4 Armour
 + Level 12.2 Shields
 * Level 7.1 Invocations


You had 7 spell levels left.
You didn't know any spells.
Your spell library was empty.

Dungeon Overview and Level Annotations

Branches:
Dungeon (1/1)

Altars:
Cheibriados
Dithmenos
Elyvilon
Fedhas
Gozag
Hepliaklqana
Kikubaaqudgha
Makhleb
Nemelex Xobeh
Okawaru
Qazlal
Ru
Sif Muna
Trog
Uskayaw
Vehumet
Wu Jian
Xom
Yredelemnul
Zin
The Shining One
Beogh
Jiyva
Lugonu


Innate Abilities, Weirdness & Mutations

You reflexively headbutt those who attack you in melee.
You have a pair of horns on your head.


Message History

* * * LOW HITPOINT WARNING * * *
The nine-headed hydra bites you!
* * * LOW HITPOINT WARNING * * *
The nine-headed hydra bites you!
* * * LOW HITPOINT WARNING * * *
The nine-headed hydra bites you.
* * * LOW HITPOINT WARNING * * *
You swap places.
* * * LOW HITPOINT WARNING * * *
You feel sick.
The nine-headed hydra bites your smoke demon.
The nine-headed hydra bites your smoke demon!
The nine-headed hydra bites your smoke demon but does no damage.
The nine-headed hydra bites your smoke demon!
The nine-headed hydra bites your smoke demon.
The nine-headed hydra bites your smoke demon!
Your smoke demon dies!
* * * LOW HITPOINT WARNING * * *
You feel sick.
You die...

▓_▓.▓h▓
▓_▓.▓l▓
▓_▓.▓l▓
▓_▓.▓S▓
▓_▓.▓†▓
▓_▓.▓D▓
▓_▓.▓.▓
▓_▓.▓.▓
▓_▓.▓@▓
▓'▓.▓.▓
▓.▓.▓.▓
▓.▓.▓.▓
▓.▓.▓.▓
▓.▓.▓.▓
▓.▓.▓.▓
▓)▓.▓.▓
▓.▓.▓.▓


You could see a nine-headed hydra, 2 basilisks and a water moccasin.

Vanquished Creatures
  A two-headed ogre (D)
  A troll (D)
  A meliai (D)
  2 ogres (D)
  A phantom (D)
  2 bullfrogs (D)
  A killer bee (D)
  A crimson imp (D)
  2 hounds (D)
  A worker ant (D)
  2 adders (D)
  An adder zombie (D)
  A leopard gecko (D)
  A goblin (D)
  A kobold (D)
  A quokka skeleton (D)
  3 rats (D)
23 creatures vanquished.

Notes
Turn   | Place    | Note
-------+----------+-------------------------------------------
     0 | D        | mahrnol the Minotaur Fighter began the quest for the Orb.
     0 | D        | Reached XP level 1. HP: 19/19 MP: 0/0
    95 | D        | Noticed a crimson imp
    95 | D        | Noticed a worker ant
    95 | D        | Noticed an ogre
    95 | D        | Noticed a hound
    99 | D        | Killed a crimson imp
    99 | D        | Reached skill level 5 in Fighting
    99 | D        | Reached skill level 5 in Armour
    99 | D        | Reached skill level 5 in Shields
    99 | D        | Reached XP level 2. HP: 28/29 MP: 1/1
    99 | D        | Reached XP level 3. HP: 34/36 MP: 2/2
   105 | D        | Reached XP level 4. HP: 41/44 MP: 3/3
   110 | D        | Killed an ogre
   110 | D        | Reached XP level 5. HP: 48/51 MP: 4/4
   127 | D        | Found a roughly hewn altar of Beogh.
   127 | D        | Found a snail-covered altar of Cheibriados.
   127 | D        | Found a shadowy altar of Dithmenos.
   127 | D        | Found a white marble altar of Elyvilon.
   127 | D        | Found a blossoming altar of Fedhas.
   127 | D        | Found an opulent altar of Gozag.
   128 | D        | Found a hazy altar of Hepliaklqana.
   129 | D        | Found a viscous altar of Jiyva.
   130 | D        | Found an ancient bone altar of Kikubaaqudgha.
   131 | D        | Found a corrupted altar of Lugonu.
   132 | D        | Found a burning altar of Makhleb.
   133 | D        | Found a sparkling altar of Nemelex Xobeh.
   134 | D        | Found an iron altar of Okawaru.
   135 | D        | Found a stormy altar of Qazlal.
   136 | D        | Found a sacrificial altar of Ru.
   137 | D        | Found a deep blue altar of Sif Muna.
   138 | D        | Found a bloodstained altar of Trog.
   139 | D        | Found a hide-covered altar of Uskayaw.
   140 | D        | Became a worshipper of Makhleb the Destroyer
   141 | D        | Found a radiant altar of Vehumet.
   142 | D        | Found an ornate altar of the Wu Jian Council.
   143 | D        | Found a shimmering altar of Xom.
   144 | D        | Found a basalt altar of Yredelemnul.
   145 | D        | Found a glowing silver altar of Zin.
   146 | D        | Found a glowing golden altar of the Shining One.
   331 | D        | Noticed a troll
   331 | D        | Noticed an ogre
   336 | D        | Reached * piety under Makhleb
   336 | D        | Reached skill level 1 in Invocations
   339 | D        | Killed an ogre
   339 | D        | Reached XP level 6. HP: 60/60 MP: 4/7
   344 | D        | Killed a troll
   344 | D        | Reached ** piety under Makhleb
   344 | D        | Reached skill level 10 in Shields
   344 | D        | Reached XP level 7. HP: 41/68 MP: 4/9
   468 | D        | Noticed a meliai
   468 | D        | Noticed a two-headed ogre
   482 | D        | Killed a two-headed ogre
   482 | D        | Reached skill level 10 in Armour
   482 | D        | Reached XP level 8. HP: 41/78 MP: 9/11
   484 | D        | Reached *** piety under Makhleb
   486 | D        | Killed a meliai
   721 | D        | Noticed an eight-headed hydra
   733 | D        | HP: 3/78 [nine-headed hydra (1)]
   736 | D        | Succumbed to a water moccasin's poison

Levels and vault maps discovered:
D:        linesprint [early_d, line_temple, items_1, d_10, items_2, lair_1,
          lair_end, items_3, orc_1, orc_end, items_4, d_15, swamp_1, shoals_1,
          snake_1, spider_1, d_20, vaults_1, items_5, swamp_end, shoals_end,
          snake_end, spider_end, vaults_end, d_27, items_6, zot_1, zot_end,
          crypt_end, forest_end, elf_end, slime_end, tomb_end, abyss_end,
          pan_hell_end]

Skill      XL: |  1  2  3  4  5  6  7  8 |
---------------+-------------------------+-----
Fighting       | 5 6 7 8 9 |  9.6
Armour         | 5 6 7 8 9 10 | 10.4
Shields        | 5 6 7 9 10 11 12 | 12.2
Maces & Flails | 3 4 6 7 9 11 12 | 12.3
Invocations    | 2 4 6 7 |  7.1

Action                   |  1- 3 |  4- 6 |  7- 9 || total
-------------------------+-------+-------+-------++-------
Melee: Flail             |    25 |    10 |       ||    35
       Headbutt          |     2 |     8 |     7 ||    17
       Morningstar       |       |    13 |    32 ||    45
       Halberd           |       |       |     1 ||     1
Invok: Lesser Servant of |       |       |     1 ||     1
  Use: Potion            |       |       |     1 ||     1
Armor: Scale mail        |     8 |     2 |       ||    10
       Ring mail         |       |     2 |    13 ||    15
Dodge: Dodged            |     4 |     6 |    14 ||    24
Block: Shield            |    13 |    14 |    19 ||    46

Table legend:
 A = Non-vault XP
 B = Vault XP
 C = Vault XP percentage of total XP
 D = Non-vault monster count
 E = Vault monster count
 F = Vault count percentage of total count
                 A         B        C        D         E       F
            +---------+---------+-------+---------+---------+-------
      Total |       0 |    2319 | 100.0 |       0 |      23 | 100.0
            +---------+---------+-------+---------+---------+-------
          D |       0 |    2319 | 100.0 |       0 |      23 | 100.0
            +---------+---------+-------+---------+---------+-------
